 Dungeon Crawl Stone Soup version 0.22-a0-609-gfedc9ff (webtiles) character file.

7490 Mamutox the Basher (level 10, -2/153 HPs)
             Began as a Troll Fighter on July 10, 2018.
             Was an Elder of Okawaru.
             Slain by Snorg (12 damage)
             ... on level 10 of the Dungeon.
             The game lasted 00:40:31 (9618 turns).

Mamutox the Basher (Troll Fighter)                  Turns: 9618, Time: 00:40:32

Health: -2/153     AC: 25    Str: 26    XL:     10   Next: 95%
Magic:  8/9        EV:  1    Int:  4    God:    Okawaru [****..]
Gold:   348        SH: 18    Dex: 12    Spells: 9/9 levels left

rFire    . . .     SeeInvis .   R - +5 mace
rCold    . . .     Gourm    +   c - +1 shield
rNeg     + + +     Faith    .   (armour currently unavailable)
rPois    +         Spirit   .   (helmet currently unavailable)
rElec    .         Reflect  +   (cloak currently unavailable)
rCorr    .         Harm     .   (gloves unavailable)
MR       +....     NoTele   +   (boots unavailable)
Stlth    +.........             N - +6 amulet of reflection
HPRegen  0.75/turn              F - ring of protection from magic
MPRegen  0.11/turn              S - ring of wizardry

@: tree-form
A: large, unfitting armour, fast metabolism 3, gourmand, regeneration 1
a: Heroism, Renounce Religion


You were on level 10 of the Dungeon.
You worshipped Okawaru.
Okawaru was greatly pleased with you.
You were very full.
You were a tree.
You visited 2 branches of the dungeon, and saw 11 of its levels.
You also visited: Ossuary.

You collected 418 gold pieces.
You spent 70 gold pieces at shops.

Inventory:

Hand Weapons
 p - a +0 blowgun
 H - the cursed +1 hunting sling "Ziymetoj" {freeze, MR+ MP+9 Stlth-, unknown}
   (You found it on level 6 of the Dungeon)

   It causes projectiles fired from it to freeze those they strike, causing
   extra injury to most foes and up to half again as much damage against
   particularly susceptible opponents.
   They can also slow down cold-blooded creatures.
   It affects your resistance to hostile enchantments.
   It affects your magic capacity (+9).
   It makes you less stealthy.
   It has a curse placed upon it.
 R - a +5 mace (weapon)
Missiles
 u - 90 poisoned needles
 I - 4 tomahawks of returning (quivered)
 Q - 4 tomahawks
Armour
 c - a +1 shield (worn)
 G - a +2 robe of magic resistance (melded)
 P - a +2 robe of positive energy
Jewellery
 C - an uncursed ring of fire
 F - a ring of protection from magic (left branch)
 N - a +6 amulet of reflection (around neck)
 S - a ring of wizardry (right branch)
Wands
 v - a wand of clouds (7)
 y - a wand of paralysis (17)
 z - a wand of acid (19)
 T - a wand of random effects (31)
Scrolls
 b - a scroll of vulnerability {unknown}
 k - 2 scrolls of immolation {unknown}
 l - a scroll of magic mapping {unknown}
 m - 2 scrolls of amnesia
 n - 4 scrolls of teleportation
 q - 2 scrolls of fog {unknown}
 s - 2 scrolls of noise {unknown}
 w - 4 scrolls of remove curse
 A - 2 scrolls of fear
 D - a scroll of enchant armour
 E - a scroll of blinking {unknown}
 J - 2 scrolls of identify
 O - a scroll of enchant weapon {unknown}
Potions
 d - 2 potions of might
 e - 4 potions of ambrosia
 g - 4 potions of heal wounds
 h - 8 potions of curing
 i - 2 potions of brilliance
 j - 3 potions of lignification
 o - 4 potions of cancellation {unknown}
 r - 2 potions of agility {unknown}
 t - 2 potions of flight {unknown}
 x - 3 potions of mutation {unknown}
 B - 3 potions of resistance
 K - 2 potions of haste {unknown}
 M - a potion of invisibility {unknown}
Miscellaneous
 L - a box of beasts
Comestibles
 f - 18 rations


   Skills:
 - Level 7.5 Fighting
 + Level 9.7 Maces & Flails
 + Level 5.0 Dodging
 + Level 7.9 Shields


You had 9 spell levels left.
You didn't know any spells.
Your spell library was empty.

Dungeon Overview and Level Annotations

Branches:
Dungeon (10/15)            Temple (1/1) D:5            Lair (0/6) D:9
    Orc: D:9-12

Altars:
Ashenzari
Dithmenos
Elyvilon
Hepliaklqana
Kikubaaqudgha
Makhleb
Nemelex Xobeh
Okawaru
Qazlal
Sif Muna
Trog
Uskayaw
Wu Jian
Yredelemnul

Shops:
D:9 [

Annotations:
D:10 Snorg


Innate Abilities, Weirdness & Mutations

You are too large for most types of armour.
((You have claws for hands.))
Your metabolism is lightning-fast.
You like to eat raw meat.
Your natural rate of healing is unusually fast.
((You are covered in fur. (AC +1)))
((You have very tough skin. (AC +2)))


Message History

You block Snorg's attack. Snorg claws you.
* * * LOW HITPOINT WARNING * * *
You sock Snorg!
Snorg is severely wounded.
You block Snorg's attack. x3
You hit Snorg.
Snorg is severely wounded.
You feel like a meek peon again. You block Snorg's attack. Snorg claws you!
* * * LOW HITPOINT WARNING * * *
You block Snorg's attack.
You closely miss Snorg.
Snorg is severely wounded.
You block Snorg's attack. x2; Snorg claws you but does no damage.
You block Snorg's attack. Snorg claws you but does no damage. Snorg claws you!
* * * LOW HITPOINT WARNING * * *
You completely miss Snorg.
Snorg is severely wounded.
Snorg bites you!
You die...

#.#####
#.....####
#?.......#
#........#
#........#
#........##
#.........#
#..T......#
#..♣......#
#####..........
..###.....####
###.###.###.#
#....##.# .#
#####.#..##.###.#
#<..............#
#.###.##..##.####
#.###.##...#.#


You could see Snorg (berserk).

Vanquished Creatures
  A two-headed ogre (D:9)
  A komodo dragon (D:9)
  Grinder (D:2)
  A hippogriff (D:9)
  Sigmund (D:6)
  A spriggan (D:7)
  Eustachio (D:5)
  2 hungry ghosts
  Menkaure (D:7)
  A water moccasin (D:7)
  A black bear (D:7)
  2 orc warriors (D:9)
  A sky beast (D:7)
  8 ice beasts
  3 ogres
  3 phantoms
  An eye of draining (D:9)
  A centaur (D:7)
  4 big kobolds
  4 bullfrogs
  3 water moccasin zombies (Ossuary)
  2 scorpions (D:6)
  17 killer bees
  14 wights
  2 howler monkeys
  A crimson imp (D:5)
  A quasit (D:8)
  An orc priest (D:9)
  5 hounds
  2 jellies
  3 orc wizards
  A gnoll shaman (D:9)
  A bullfrog skeleton (D:9)
  2 iguanas
  Natasha (thrice) (D:3)
  9 worker ants
  Ijyb (D:3)
  4 big kobold zombies (Ossuary)
  2 mummies (Ossuary)
  7 gnolls
  11 adders
  A shadow imp (D:7)
  6 oozes
  5 adder zombies (Ossuary)
  2 worms
  5 leopard geckos
  29 orcs
  10 giant cockroaches
  4 gnoll zombies (Ossuary)
  11 goblins
  5 hobgoblins
  18 jackals
  32 kobolds
  A quokka (D:2)
  2 ball pythons (D:1)
  7 bats
  5 frilled lizards
  A giant cockroach zombie (D:6)
  5 hobgoblin zombies (Ossuary)
  2 jackal zombies (D:6)
  5 kobold zombies (Ossuary)
  9 orc zombies (Ossuary)
  A quokka skeleton (D:5)
  7 rats
  A plant (D:4)
305 creatures vanquished.

Vanquished Creatures (others)
  A plant (D:9)
1 creature vanquished.

Grand Total: 306 creatures vanquished

Notes
Turn   | Place    | Note
-------+----------+-------------------------------------------
     0 | D:1      | Mamutox the Troll Fighter began the quest for the Orb.
     0 | D:1      | Reached XP level 1. HP: 22/22 MP: 0/0
     1 | D:1      | Found a runed door.
     5 | D:1      | Noticed a jelly
   241 | D:1      | Reached skill level 2 in Maces & Flails
   241 | D:1      | Reached XP level 2. HP: 25/29 MP: 1/1
   720 | D:2      | Reached XP level 3. HP: 31/36 MP: 2/2
   898 | D:2      | Reached skill level 3 in Maces & Flails
   903 | D:2      | Found a sparkling altar of Nemelex Xobeh.
  1258 | D:3      | Reached XP level 4. HP: 43/44 MP: 3/3
  1378 | D:3      | Noticed Natasha
  1385 | D:3      | Killed Natasha
  1441 | D:3      | Noticed Grinder
  1455 | D:3      | Paralysed by Grinder for 5 turns
  1472 | D:2      | Paralysed by Grinder for 5 turns
  1514 | D:2      | Paralysed by Grinder for 3 turns
  1544 | D:2      | Paralysed by Grinder for 5 turns
  1711 | D:3      | Noticed Natasha
  1722 | D:3      | Killed Natasha
  1726 | D:3      | Found a stormy altar of Qazlal.
  1727 | D:3      | Noticed Natasha
  1728 | D:3      | Noticed Ijyb
  1761 | D:3      | Killed Natasha
  1761 | D:3      | Reached skill level 4 in Maces & Flails
  1761 | D:3      | Reached XP level 5. HP: 26/50 MP: 4/4
  1789 | D:3      | Killed Ijyb
  2349 | D:2      | Killed Grinder
  2349 | D:2      | Reached XP level 6. HP: 43/61 MP: 5/5
  2442 | D:1      | Reached skill level 5 in Maces & Flails
  2603 | D:4      | Found a hazy altar of Hepliaklqana.
  2603 | D:4      | Found a hide-covered altar of Uskayaw.
  2604 | D:4      | Found a bloodstained altar of Trog.
  2809 | D:4      | Reached XP level 7. HP: 64/67 MP: 6/6
  3789 | D:5      | Entered Level 5 of the Dungeon
  3825 | D:5      | Reached skill level 6 in Maces & Flails
  3828 | D:5      | Noticed a two-headed ogre
  4220 | D:5      | Found a staircase to the Ecumenical Temple.
  4221 | D:5      | Found a faded altar of an unknown god.
  4243 | Temple   | Entered the Ecumenical Temple
  4258 | Temple   | Became a worshipper of Warmaster Okawaru
  4403 | D:5      | Noticed Eustachio
  4516 | D:5      | Killed Eustachio
  4669 | D:6      | Reached XP level 8. HP: 66/78 MP: 7/7
  4825 | D:6      | Reached * piety under Okawaru
  4845 | D:6      | Noticed Sigmund
  4907 | D:6      | Killed Sigmund
  4907 | D:6      | Reached skill level 7 in Maces & Flails
  4907 | D:6      | Reached skill level 5 in Shields
  5212 | D:6      | Got a shimmering hunting sling
  5583 | D:7      | Reached ** piety under Okawaru
  5583 | D:7      | Reached skill level 5 in Fighting
  5583 | D:7      | Reached skill level 8 in Maces & Flails
  5626 | D:7      | Reached XP level 9. HP: 84/88 MP: 8/8
  6423 | D:7      | Reached skill level 9 in Maces & Flails
  6506 | D:6      | Reached *** piety under Okawaru
  6912 | D:7      | Noticed Menkaure
  6917 | D:7      | Killed Menkaure
  7109 | D:8      | Found a sand-covered staircase.
  7192 | Ossuary  | Entered an ossuary
  7275 | Ossuary  | Reached XP level 10. HP: 94/98 MP: 9/9
  7545 | D:8      | Reached **** piety under Okawaru
  8515 | D:9      | HP: 5/100 [wight/enchanted mace (3)]
  8525 | D:9      | Noticed a two-headed ogre
  8832 | D:9      | Found Kodd's Antique Armour Emporium.
  8840 | D:9      | Bought a runed robe for 70 gold pieces
  9096 | D:9      | Killed a two-headed ogre
  9179 | D:9      | Found a staircase to the Lair.
  9460 | D:9      | Reached skill level 5 in Dodging
  9554 | D:10     | Entered Level 10 of the Dungeon
  9595 | D:10     | Noticed Snorg
  9618 | D:10     | Slain by Snorg

Vault maps used:
D:1:      dpeg_arrival_caged_fury, st_stairs_12
D:2:      first_ration, nemelex_dance_club_becter
D:3:      overflow_temple_1_default, serial_corexii_hall,
          corexii_hall_statues_u, corexii_hall_statues_s, grunt_decor_arrowhead,
          kennysheep_generic_room_10, uniq_natasha, uniq_ijyb, uniq_grinder
D:4:      gammafunk_temple_overflow_forgotten
D:5:      nicolae_temple_entry_ecumenical, uniq_eustachio
D:6:      lemuel_old_faithful, uniq_sigmund
D:7:      the_bakery, uniq_menkaure
D:8:      enter_ossuary_1
D:9:      david_lair_shrubbed, serial_shops, shop
D:10:     serial_shops, shop, uniq_snorg
Temple:   eino_narrow_crystal_temple
Ossuary:  ossuary_tomb_2

Skill      XL: |  1  2  3  4  5  6  7  8  9 10 |
---------------+-------------------------------+-----
Maces & Flails | 2 3 4 5 6 8 9 |  9.7
Shields        | 3 4 5 6 7 |  7.9
Fighting       | 3 4 5 6 7 |  7.5
Dodging        | 5 |  5.0

Action                   |  1- 3 |  4- 6 |  7- 9 | 10-12 || total
-------------------------+-------+-------+-------+-------++-------
Melee: Flail             |   139 |   248 |   607 |   254 ||  1248
       Mace              |       |       |       |   204 ||   204
Invok: Heroism           |       |       |     1 |    16 ||    17
  Use: Scroll            |       |       |     2 |     8 ||    10
       Potion            |       |       |       |     2 ||     2
 Stab: Sleeping          |       |       |       |     1 ||     1
  Eat: Chunk             |    18 |    14 |    37 |    22 ||    91
       Ration            |       |       |     2 |     2 ||     4
Armor: Robe              |    80 |    72 |   171 |    71 ||   394
       Skin              |       |       |       |     2 ||     2
Dodge: Dodged            |    65 |   101 |   189 |   165 ||   520
Block: Shield            |    88 |   133 |   280 |   346 ||   847
       Reflection        |       |       |       |     1 ||     1

Table legend:
 A = Spawn XP
 B = Non-spawn XP
 C = Spawn XP percentage of total XP
 D = Spawn monster count
 E = Non-spawn monster count
 F = Spawn count percentage of total count
 G = Total turns spent on level
                    A         B        C        D         E        F      G
               +---------+---------+-------+---------+---------+-------+---------
         Total |       0 |   10700 |   0.0 |       0 |     304 |   0.0 |  9618
               +---------+---------+-------+---------+---------+-------+---------
           D:1 |       0 |     108 |   0.0 |       0 |      31 |   0.0 |   780
           D:2 |       0 |     318 |   0.0 |       0 |      25 |   0.0 |   742
           D:3 |       0 |     218 |   0.0 |       0 |      33 |   0.0 |  1078
           D:4 |       0 |     416 |   0.0 |       0 |      24 |   0.0 |  1247
           D:5 |       0 |     344 |   0.0 |       0 |      13 |   0.0 |   781
           D:6 |       0 |    1355 |   0.0 |       0 |      24 |   0.0 |  1003
           D:7 |       0 |    2487 |   0.0 |       0 |      45 |   0.0 |  1391
           D:8 |       0 |     857 |   0.0 |       0 |      18 |   0.0 |  1094
           D:9 |       0 |    3993 |   0.0 |       0 |      51 |   0.0 |  1085
          D:10 |       0 |     172 |   0.0 |       0 |       3 |   0.0 |    64
       Ossuary |       0 |     432 |   0.0 |       0 |      37 |   0.0 |   321
               +---------+---------+-------+---------+---------+-------+---------
